NCAA
SOUTH CAROLINA GAMECOCKS @ GEORGETOWN HOYAS
05/11/2030
 
TOP OF THE 1ST
South Carolina Gamecocks batting - Pitching for Georgetown Hoyas : LHP Gilbert Robinson
Pitching: LHP Gilbert Robinson
Batting: LHB Ed Nelson 0-0: Ball
1-0: Called Strike
1-1: Ball
2-1: Foul Ball, location: 2F
2-2: Ball
3-2: Strikes out swinging
Batting: RHB Mike Connor 0-0: Called Strike
0-1: Foul Ball, location: 2F
0-2: Foul Ball, location: 2F
0-2: Foul Ball, location: 2F
0-2: Ball
1-2: Ball
2-2: Ground out 4-3 (Groundball, 4S)
Batting: RHB Brandon Smith 0-0: Ball
1-0: Called Strike
1-1: Ball
2-1: Foul Ball, location: 2F
2-2: Foul Ball, location: 2F
2-2: Fly out, F9 (Flyball, 9)
Top of the 1st over - 0 runs, 0 hits, 0 errors, 0 left on base; South Carolina 0 - Georgetown 0
BOTTOM OF THE 1ST
Georgetown Hoyas batting - Pitching for South Carolina Gamecocks : RHP Keith Thomas
Pitching: RHP Keith Thomas
Batting: RHB Fred Mitchell 0-0: Called Strike
0-1: Ball
1-1: Foul Ball, location: 2F
1-2: Ball
2-2: Ball
3-2: Strikes out looking
Batting: LHB Boyd Boone 0-0: Ball
1-0: Foul Ball, location: 2F
1-1: Called Strike
1-2: Ball
2-2: Strikes out swinging
Batting: LHB Robert Lucas 0-0: Called Strike
0-1: Called Strike
0-2: Foul Ball, location: 2F
0-2: Ball
1-2: Ball
2-2: Ball
3-2: Base on Balls
Batting: RHB José Díaz 0-0: Ball
1-0: Ball
2-0: Ball
3-0: Called Strike
3-1: Base on Balls
Robert Lucas to second
Batting: RHB Ben Bradley 0-0: Ball
1-0: Ground out 1-3 (Groundball, P)
Bottom of the 1st over - 0 runs, 0 hits, 0 errors, 2 left on base; South Carolina 0 - Georgetown 0
TOP OF THE 2ND
South Carolina Gamecocks batting - Pitching for Georgetown Hoyas : LHP Gilbert Robinson
Batting: RHB Gerardo Gallegos 0-0: Called Strike
0-1: Foul Ball, location: 2F
0-2: Ball
1-2: SINGLE (Groundball, 56S) (infield hit)
Batting: LHB Eric Martin 0-0: Called Strike
Gerardo Gallegos steals 2nd base
0-1: Foul Ball, location: 2F
0-2: Fly out, F5 (Popup, 5S)
Batting: RHB Michael Walker 0-0: Ball
Error on foul ball, E5
1-1: SINGLE (Line Drive, 4MD)
Gerardo Gallegos to third
Runner from 3rd tries for Home, SAFE, no throw
Batting: RHB Reggie Gordon 0-0: Grounds into double play, 6-4-3 (Groundball, 6)
Top of the 2nd over - 1 run, 2 hits, 1 error, 0 left on base; South Carolina 1 - Georgetown 0
BOTTOM OF THE 2ND
Georgetown Hoyas batting - Pitching for South Carolina Gamecocks : RHP Keith Thomas
Batting: RHB Vicente Correa 0-0: Called Strike
0-1: Swinging Strike
0-2: Foul Ball, location: 2F
0-2: Ball
1-2: Strikes out swinging
Batting: RHB Andrew Wolf 0-0: Hit by Pitch
Batting: LHB Doug Reed 0-0: Ball
1-0: Fly out, F8 (Flyball, 89D)
Batting: SHB Tommy Goodman 0-0: Swinging Strike
0-1: Called Strike
0-2: Fly out, F8 (Flyball, 8RD)
Bottom of the 2nd over - 0 runs, 0 hits, 0 errors, 1 left on base; South Carolina 1 - Georgetown 0
TOP OF THE 3RD
South Carolina Gamecocks batting - Pitching for Georgetown Hoyas : LHP Gilbert Robinson
Batting: RHB Ed Young 0-0: SINGLE (Groundball, 4MD)
Batting: RHB Garrett Nelson 0-0: Swinging Strike
0-1: Ball
1-1: SINGLE (Groundball, 6MD)
Ed Young to second
Batting: LHB Ed Nelson 0-0: Fielders Choice at 2nd, 6-4 (Groundball, 6)
Ed Young to third
Batting: RHB Mike Connor 0-0: Ball
1-0: Ball
2-0: Foul Ball, location: 2F
2-1: Ball
3-1: Foul Ball, location: 2F
3-2: Foul Ball, location: 2F
3-2: Strikes out looking
Batting: RHB Brandon Smith 0-0: Called Strike
0-1: Ball
1-1: Ball
2-1: Ball
3-1: Foul Ball, location: 2F
3-2: Foul Ball, location: 2F
3-2: Base on Balls
Ed Nelson to second
Batting: RHB Gerardo Gallegos 0-0: Ball
1-0: Foul Ball, location: 2F
1-1: Ball
2-1: Ball
3-1: SINGLE (Line Drive, 7S)
Ed Young scores
Ed Nelson to third
Brandon Smith to second
Runner from 3rd tries for Home, SAFE, no throw
Batting: LHB Eric Martin 0-0: Ball
1-0: Swinging Strike
1-1: Ball
Wild Pitch!
Brandon Smith to third
Gerardo Gallegos to second
2-1: Ball
3-1: Base on Balls
Batting: RHB Michael Walker 0-0: Ball
1-0: Foul Ball, location: 2F
1-1: Ball
2-1: Called Strike
2-2: Strikes out swinging
Top of the 3rd over - 2 runs, 3 hits, 0 errors, 3 left on base; South Carolina 3 - Georgetown 0
BOTTOM OF THE 3RD
Georgetown Hoyas batting - Pitching for South Carolina Gamecocks : RHP Keith Thomas
Batting: RHB Fred Mitchell 0-0: Foul Ball, location: 2F
0-1: Ball
1-1: Ball
2-1: Ball
3-1: Fly out, F7 (Flyball, 7)
Batting: LHB Boyd Boone 0-0: DOUBLE (Flyball, 89D)
Batting: LHB Robert Lucas 0-0: Called Strike
0-1: Swinging Strike
0-2: Ball
1-2: Foul Ball, location: 2F
1-2: Ball
2-2: Ball
3-2: Foul Ball, location: 2F
3-2: Ground out U3 (Groundball, 3)
Boyd Boone to third
Batting: RHB José Díaz 0-0: Ball
1-0: Called Strike
1-1: Fly out, F7 (Line Drive, 7)
Bottom of the 3rd over - 0 runs, 1 hit, 0 errors, 1 left on base; South Carolina 3 - Georgetown 0
TOP OF THE 4TH
South Carolina Gamecocks batting - Pitching for Georgetown Hoyas : LHP Gilbert Robinson
Batting: RHB Reggie Gordon 0-0: Ball
1-0: Foul Ball, location: 2F
1-1: Called Strike
1-2: Foul Ball, location: 2F
1-2: Ball
2-2: Strikes out looking
Batting: RHB Ed Young 0-0: Ground out 4-3 (Groundball, 4)
Batting: RHB Garrett Nelson 0-0: Called Strike
0-1: Foul Ball, location: 2F
0-2: Ball
1-2: Foul Ball, location: 2F
1-2: Ball
2-2: Ball
3-2: Foul Ball, location: 2F
3-2: Ground out 5-3 (Groundball, 56)
Top of the 4th over - 0 runs, 0 hits, 0 errors, 0 left on base; South Carolina 3 - Georgetown 0
BOTTOM OF THE 4TH
Georgetown Hoyas batting - Pitching for South Carolina Gamecocks : RHP Keith Thomas
Batting: RHB Ben Bradley 0-0: Foul Ball, location: 2F
0-1: Ball
1-1: Swinging Strike
1-2: Strikes out swinging
Batting: RHB Vicente Correa 0-0: Foul Ball, location: 2F
0-1: Ball
1-1: Swinging Strike
1-2: Ball
2-2: Strikes out swinging
Batting: RHB Andrew Wolf 0-0: Called Strike
0-1: Ball
1-1: Ball
2-1: Ball
3-1: Base on Balls
Batting: LHB Doug Reed 0-0: Ball
1-0: Ball
2-0: Foul Ball, location: 2F
2-1: Ball
3-1: Base on Balls
Andrew Wolf to second
Batting: SHB Tommy Goodman 0-0: Ball
1-0: Ball
2-0: Ball
3-0: Base on Balls
Andrew Wolf to third
Doug Reed to second
Batting: RHB Fred Mitchell 0-0: Foul Ball, location: 2F
0-1: Foul Ball, location: 2F
0-2: Ball
1-2: Fly out, F8 (Flyball, 8LD)
Bottom of the 4th over - 0 runs, 0 hits, 0 errors, 3 left on base; South Carolina 3 - Georgetown 0
TOP OF THE 5TH
South Carolina Gamecocks batting - Pitching for Georgetown Hoyas : LHP Gilbert Robinson
Batting: LHB Ed Nelson 0-0: Foul Ball, location: 2F
0-1: Ball
1-1: Ball
2-1: Reached on error, E5 (Groundball, 56S)
Pitching: LHP Guillermo Silva
Batting: RHB Mike Connor 0-0: DOUBLE (Flyball, 8LD)
Ed Nelson to third
Batting: RHB Brandon Smith 0-0: Ball
1-0: Ball
2-0: Ball
3-0: Base on Balls
Batting: RHB Gerardo Gallegos 0-0: Ball
1-0: Ball
2-0: Ball
3-0: Base on Balls
Ed Nelson scores
Mike Connor to third
Brandon Smith to second
Batting: LHB Eric Martin 0-0: Ball
1-0: Called Strike
1-1: Ball
2-1: Ball
3-1: Base on Balls
Mike Connor scores
Brandon Smith to third
Gerardo Gallegos to second
Batting: RHB Michael Walker 0-0: Ball
1-0: DOUBLE (Flyball, 89D)
Brandon Smith scores
Gerardo Gallegos scores
Eric Martin to third
Batting: RHB Reggie Gordon 0-0: Foul Ball, location: 2F
0-1: Ball
1-1: Ball
2-1: Foul Ball, location: 2F
2-2: SINGLE (Line Drive, 7LS)
Eric Martin scores
Michael Walker to third
Batting: RHB Ed Young 0-0: Foul Ball, location: 2F
0-1: Fielders Choice at 2nd, 3-6 (Groundball, 34)
Michael Walker scores
Batting: RHB Garrett Nelson 0-0: Called Strike
0-1: Ball
1-1: Foul Ball, location: 2F
1-2: Foul Ball, location: 2F
1-2: Grounds into double play, 6-4-3 (Groundball, 6)
Top of the 5th over - 6 runs, 3 hits, 1 error, 0 left on base; South Carolina 9 - Georgetown 0
BOTTOM OF THE 5TH
Georgetown Hoyas batting - Pitching for South Carolina Gamecocks : RHP Keith Thomas
Pitching: LHP António Garza
Batting: LHB Boyd Boone 0-0: Ball
1-0: Ball
2-0: Ball
3-0: Called Strike
3-1: Base on Balls
Batting: LHB Robert Lucas 0-0: Foul Ball, location: 2F
0-1: Ball
1-1: Ball
2-1: Called Strike
2-2: Ball
3-2: Foul Ball, location: 2F
3-2: Ground out 6-3 (Groundball, 6)
Boyd Boone to second
Batting: RHB José Díaz 0-0: Swinging Strike
0-1: Ball
Wild Pitch!
Boyd Boone to third
1-1: Ground out 6-3 (Groundball, 6)
Boyd Boone scores
Batting: RHB Ben Bradley 0-0: Fly out, F8 (Flyball, 8RM)
Bottom of the 5th over - 1 run, 0 hits, 0 errors, 0 left on base; South Carolina 9 - Georgetown 1
TOP OF THE 6TH
South Carolina Gamecocks batting - Pitching for Georgetown Hoyas : LHP Guillermo Silva
Batting: LHB Ed Nelson 0-0: Called Strike
0-1: Foul Ball, location: 2F
0-2: Strikes out looking
Batting: RHB Mike Connor 0-0: Called Strike
0-1: Ball
1-1: Ball
2-1: Fly out, F9 (Flyball, 9LDF)
Batting: RHB Brandon Smith 0-0: Called Strike
0-1: Ball
1-1: Ball
2-1: Ball
3-1: Base on Balls
Batting: RHB Gerardo Gallegos 0-0: Foul Ball, location: 2F
0-1: SINGLE (Flyball, 78S)
Brandon Smith to second
Batting: LHB Eric Martin 0-0: Foul Ball, location: 2F
0-1: Ball
1-1: Foul Ball, location: 2F
1-2: Ball
2-2: Ball
3-2: Base on Balls
Brandon Smith to third
Gerardo Gallegos to second
Batting: RHB Michael Walker 0-0: Ball
Passed Ball!
Brandon Smith scores
Gerardo Gallegos to third
Eric Martin to second
1-0: SINGLE (Groundball, 34D)
Gerardo Gallegos scores
Eric Martin to third
Runner from 3rd tries for Home, SAFE, throw made home
Batting: RHB Reggie Gordon 0-0: Fielders Choice at 2nd, 6-4 (Groundball, 6)
Top of the 6th over - 3 runs, 2 hits, 0 errors, 1 left on base; South Carolina 12 - Georgetown 1
BOTTOM OF THE 6TH
Georgetown Hoyas batting - Pitching for South Carolina Gamecocks : LHP António Garza
Batting: RHB Vicente Correa 0-0: Ground out 6-3 (Groundball, 6)
Batting: RHB Andrew Wolf 0-0: Ball
1-0: Called Strike
1-1: Ball
2-1: Ball
3-1: Called Strike
3-2: Strikes out swinging
Batting: LHB Doug Reed 0-0: Ball
1-0: Called Strike
1-1: Swinging Strike
1-2: Strikes out looking
Bottom of the 6th over - 0 runs, 0 hits, 0 errors, 0 left on base; South Carolina 12 - Georgetown 1
TOP OF THE 7TH
South Carolina Gamecocks batting - Pitching for Georgetown Hoyas : LHP Guillermo Silva
Batting: RHB Ed Young 0-0: TRIPLE (Flyball, 89XD)
Batting: RHB Garrett Nelson 0-0: Ball
1-0: Called Strike
1-1: Ball
2-1: SINGLE (Groundball, 56D)
Ed Young scores
Pitching: LHP Melvin Vásquez
Batting: LHB Ed Nelson 0-0: Ball
1-0: Called Strike
1-1: Ball
2-1: Ball
3-1: Fielders Choice at 2nd, 4-6 (Groundball, 4)
Batting: RHB Mike Connor 0-0: Called Strike
0-1: Ball
1-1: DOUBLE (Flyball, 89D)
Ed Nelson to third
Batting: RHB Brandon Smith 0-0: Called Strike
0-1: Foul Ball, location: 2F
0-2: Ball
1-2: Ball
2-2: Foul Ball, location: 2F
2-2: Fly out, F9 (Flyball, 9LSF)
Runner from 3rd tags up, SCORES, no throw
Batting: RHB Gerardo Gallegos 0-0: Ball
1-0: SINGLE (Line Drive, 8LS)
Mike Connor to third
Runner from 3rd tries for Home, SAFE, throw made home
Batting: LHB Eric Martin 0-0: SINGLE (Line Drive, 89S)
Gerardo Gallegos to second
Runner from 2nd tries for 3rd, SAFE, no throw
Batting: RHB Michael Walker 0-0: Ball
1-0: Foul Ball, location: 2F
1-1: Called Strike
1-2: Ball
2-2: Foul Ball, location: 2F
2-2: Strikes out looking
Top of the 7th over - 3 runs, 5 hits, 0 errors, 2 left on base; South Carolina 15 - Georgetown 1
BOTTOM OF THE 7TH
Georgetown Hoyas batting - Pitching for South Carolina Gamecocks : LHP António Garza
Batting: SHB Tommy Goodman 0-0: Fly out, F8 (Flyball, 8LM)
Batting: RHB Fred Mitchell 0-0: Called Strike
0-1: Ball
1-1: Ball
2-1: Called Strike
2-2: Foul Ball, location: 2F
2-2: Ball
3-2: Foul Ball, location: 2F
3-2: Strikes out swinging
Batting: LHB Boyd Boone 0-0: SINGLE (Flyball, 89M)
Batting: LHB Robert Lucas 0-0: Ball
1-0: Ball
2-0: Ball
3-0: Called Strike
3-1: Foul Ball, location: 2F
3-2: Foul Ball, location: 2F
3-2: 2-RUN HOME RUN (Flyball, 7LD), Distance : 338 ft
Batting: RHB José Díaz 0-0: Ball
1-0: Ball
2-0: Called Strike
2-1: Foul Ball, location: 2F
2-2: Ball
3-2: Foul Ball, location: 2F
3-2: Base on Balls
Batting: RHB Ben Bradley 0-0: Ball
1-0: Fly out, F9 (Flyball, 9D)
Bottom of the 7th over - 2 runs, 2 hits, 0 errors, 1 left on base; South Carolina 15 - Georgetown 3
TOP OF THE 8TH
South Carolina Gamecocks batting - Pitching for Georgetown Hoyas : LHP Melvin Vásquez
Batting: RHB Reggie Gordon 0-0: Called Strike
0-1: Foul Ball, location: 2F
0-2: Strikes out swinging
Batting: RHB Ed Young 0-0: Ball
1-0: Called Strike
1-1: Foul Ball, location: 2F
1-2: Ball
2-2: Foul Ball, location: 2F
2-2: Foul Ball, location: 2F
2-2: Foul Ball, location: 2F
2-2: Foul Ball, location: 2F
2-2: Ball
3-2: Strikes out swinging
Batting: RHB Garrett Nelson 0-0: Ball
1-0: Ball
2-0: Foul Ball, location: 2F
2-1: Ground out 6-3 (Groundball, 6)
Top of the 8th over - 0 runs, 0 hits, 0 errors, 0 left on base; South Carolina 15 - Georgetown 3
BOTTOM OF THE 8TH
Georgetown Hoyas batting - Pitching for South Carolina Gamecocks : LHP António Garza
Batting: RHB Vicente Correa 0-0: Ball
1-0: Ground out 6-3 (Groundball, 6)
Batting: RHB Andrew Wolf 0-0: Ball
1-0: Ground out 6-3 (Groundball, 6)
Batting: LHB Doug Reed 0-0: Ball
1-0: Ball
2-0: Ball
3-0: Base on Balls
Batting: SHB Tommy Goodman 0-0: Called Strike
0-1: Called Strike
0-2: 2-RUN HOME RUN (Flyball, 8LD), Distance : 385 ft
Batting: RHB Fred Mitchell 0-0: Foul Ball, location: 2F
0-1: Ball
1-1: Swinging Strike
1-2: Ground out 6-3 (Groundball, 56)
Bottom of the 8th over - 2 runs, 1 hit, 0 errors, 0 left on base; South Carolina 15 - Georgetown 5
TOP OF THE 9TH
South Carolina Gamecocks batting - Pitching for Georgetown Hoyas : LHP Melvin Vásquez
Pitching: RHP Clay Evans
Batting: LHB Ed Nelson 0-0: Foul Ball, location: 2F
0-1: Fly out, F7 (Flyball, 78D)
Batting: RHB Mike Connor 0-0: Swinging Strike
0-1: Ball
1-1: Fly out, F9 (Flyball, 9S)
Batting: RHB Brandon Smith 0-0: Swinging Strike
0-1: Foul Ball, location: 2F
0-2: Ball
1-2: Foul Ball, location: 2F
1-2: Strikes out swinging
Top of the 9th over - 0 runs, 0 hits, 0 errors, 0 left on base; South Carolina 15 - Georgetown 5
BOTTOM OF THE 9TH
Georgetown Hoyas batting - Pitching for South Carolina Gamecocks : LHP António Garza
Batting: LHB Boyd Boone 0-0: Ball
1-0: Ball
2-0: Ball
3-0: Called Strike
3-1: Base on Balls
Pitching: RHP José Gonzáles
Batting: LHB Robert Lucas 0-0: Called Strike
0-1: Foul Ball, location: 2F
0-2: Ball
1-2: Ball
2-2: Foul Ball, location: 2F
2-2: 2-RUN HOME RUN (Flyball, 89XD), Distance : 372 ft
Pitching: RHP Tim Pope
Batting: RHB José Díaz 0-0: Ball
1-0: Ball
2-0: Called Strike
2-1: Ball
3-1: Base on Balls
Batting: RHB Ben Bradley 0-0: Ball
1-0: Foul Ball, location: 2F
1-1: SINGLE (Flyball, 8LS)
José Díaz to second
Batting: RHB Vicente Correa 0-0: Called Strike
0-1: Ball
1-1: SINGLE (Flyball, 78S)
José Díaz to third
Ben Bradley to second
Batting: RHB Andrew Wolf 0-0: Ball
1-0: Ball
2-0: Hit by Pitch
José Díaz scores
Ben Bradley to third
Vicente Correa to second
Batting: LHB Doug Reed 0-0: Ball
1-0: Ball
2-0: Ball
3-0: Called Strike
3-1: Called Strike
3-2: Grounds into double play, 6-4-3 (Groundball, 6)
Ben Bradley scores
Vicente Correa to third
Batting: SHB Tommy Goodman 0-0: Swinging Strike
0-1: DOUBLE (Groundball, 3D)
Vicente Correa scores
Pitching: LHP Woody Anderson
Batting: RHB Fred Mitchell 0-0: Ground out 6-3 (Groundball, 6)
Bottom of the 9th over - 5 runs, 4 hits, 0 errors, 1 left on base; South Carolina 15 - Georgetown 10
Saturday, April 7th, 2018 - OOTP Baseball 18.8 Build 76